 Dungeon Crawl Stone Soup version 0.30-a0-924-g0ad0bf95bc (console) character file.

Game seed: 13662713933191497812

1122 jejorda2 the Spear-Bearer (level 8, -2/96 HPs)
             Began as a Merfolk Berserker on Mar 22, 2023.
             Was a Priest of Trog.
             Succumbed to a water moccasin's poison
             ... on level 6 of the Dungeon.
             The game lasted 00:08:28 (5122 turns).

jejorda2 the Spear-Bearer (Merfolk Berserker)       Turns: 5122, Time: 00:08:29

Health: -2/96      AC: 24    Str: 19    XL:     8   Next: 35%
Magic:  8/8        EV:  2    Int:  7    God:    Trog [***...]
Gold:   272        SH:  5    Dex: 13    Spells: 7/7 levels left

rFire   . . .      SeeInvis .    a - +0 trident
rCold   . . .      Faith    .    (no shield)
rNeg    . . .      Spirit   .    r - melded +0 plate armour
rPois   +          Reflect  +    (helmet currently unavailable)
rElec   .          Rampage  .    (cloak currently unavailable)
rCorr   .          NoTele   +    x - melded +0 pair of gloves
Will    .....                    (boots currently unavailable)
Stlth   +                        u - amulet of reflection
HPRegen 0.36/turn                (no ring)
MPRegen 0.11/turn                (no ring)

@: brilliant, lethally poisoned (-2 -> -15), tree-form, on berserk cooldown,
attractive, slowed, very slow
A: stationary, stasis, torment immunity, boosted hp, (nimble swimmer 2),
(mertail)
a: Renounce Religion, Berserk, Trog's Hand


You were on level 6 of the Dungeon.
You worshipped Trog.
Trog was most pleased with you.
You were a tree.
You visited 1 branch of the dungeon, and saw 6 of its levels.

You collected 272 gold pieces.

Inventory:

Hand Weapons
 a - a +0 trident (weapon)
Missiles
 c - 10 boomerangs
 i - 40 stones (quivered)
 j - 4 javelins
 n - 12 poisoned darts
Armour
 r - a +0 plate armour (melded)
 x - a +0 pair of gloves (melded)
Jewellery
 u - an amulet of reflection (around neck)
 B - a ring of fire
Wands
 C - a wand of light (6)
Scrolls
 f - 9 scrolls of identify {unknown}
 g - a scroll of vulnerability {unknown}
 l - 2 scrolls of fog {unknown}
 q - a scroll of silence {unknown}
 s - a scroll of enchant weapon {unknown}
 t - a scroll of magic mapping {unknown}
 v - a scroll of amnesia {unknown}
 y - a scroll of acquirement {unknown}
 D - a scroll of blinking {unknown}
Potions
 d - 2 potions of magic
 h - a potion of attraction
 o - 4 potions of curing {unknown}
 p - 2 potions of flight {unknown}
 w - a potion of invisibility {unknown}
 z - a potion of degeneration {unknown}
 A - a potion of cancellation {unknown}


   Skills:
 - Level 6.0 Fighting
 * Level 9.8 Polearms
 + Level 3.9 Armour
 - Level 2.6 Dodging


You had 7 spell levels left.
You didn't know any spells.
Your spell library was empty.

Dungeon Overview and Level Annotations

Branches:
Dungeon (6/15)             Temple (0/1) D:4

Altars:
Dithmenos
Trog


Innate Abilities, Weirdness & Mutations

You are a tree.
Your roots penetrate the ground, keeping you stationary.
You cannot be teleported.
You are immune to unholy pain and torment.
Your maximum health is greatly increased.
Your equipment is partially melded.
((You are very nimble when in or above water. (Stealth+, EV+, Speed+++)))
((Your lower body shifts to a powerful aquatic tail in water.))


Message History

The water moccasin barely misses you.
The water moccasin bites you but does no damage.
Unknown command.
It was a potion of magic.
Magic courses through your body.
You feel very sick. The water moccasin barely misses you.
The water moccasin bites you but does no damage.
Okay, then.
It was a potion of attraction.
You feel attractive to monsters.
You feel very sick. You block the water moccasin's attack.
An electric eel comes into view.
The water moccasin bites you but does no damage.
The gnoll is attracted toward you. x5
The electric eel is attracted toward you.
Unknown command.
It was a potion of berserk rage.
You're still recovering from your berserk rage.
You feel sick.
The water moccasin bites you but does no damage.
The water moccasin bites you.
* * * LOW HITPOINT WARNING * * *
You are lethally poisoned!
The water moccasin poisons you! The gnoll is attracted toward you. x5
Unknown command.
It was a potion of lignification.
You turn into a tree.
Your +0 pair of gloves melds into your body.
Your +0 plate armour melds into your body.
Your roots penetrate the ground.
* * * LOW HITPOINT WARNING * * *
You feel extremely sick.
The water moccasin bites you but does no damage. x2
The gnoll is attracted toward you. x5
Unknown command.
Unknown command.
Unknown command.
It was a potion of brilliance.
You feel clever all of a sudden.
You die...

#........#...♣♣~~~~~.
...##>.#....P..~~♣~~..
####......P♣♣~♣..♣
##...............
##................
#.................
#(........##......
#####.......#####.##..
#....♣S.....# #.....
....≈≈≈≈S≈≈≈.... .......
...≈≈g...g.≈............
≈≈≈≈g..##g§≈≈.........#.
...g§.# ##§§≈≈≈≈≈..#####
..g..# #§§... ≈. . .§...
.... ..... ...


You could see a water moccasin, an electric eel and 5 gnolls.

Vanquished Creatures
  A wraith (D:6)
  A water moccasin (D:5)
  3 ogres
  A kobold brigand (D:6)
  A bullfrog (D:6)
  A gnoll sergeant (D:6)
  2 scorpions
  2 hounds (D:5)
  A sleepcap (D:5)
  7 gnolls (D:6)
  7 adders
  A white imp (D:5)
  An ufetubus (D:4)
  A worm (D:3)
  A dart slug (D:3)
  3 orcs
  2 bats (D:1)
  6 giant cockroaches
  16 goblins
  5 hobgoblins
  3 jackals
  7 quokkas
  5 ball pythons
  6 frilled lizards
  8 kobolds
  6 rats
98 creatures vanquished.

Notes
Turn   | Place    | Note
-------+----------+-------------------------------------------
     0 | D:1      | jejorda2 the Merfolk Berserker began the quest for the Orb.
     0 | D:1      | Reached XP level 1. HP: 18/18 MP: 1/1
   242 | D:1      | Reached XP level 2. HP: 24/24 MP: 2/2
   861 | D:2      | Reached XP level 3. HP: 26/29 MP: 3/3
  1014 | D:2      | Reached skill level 5 in Polearms
  1095 | D:2      | Reached ** piety under Trog
  1245 | D:2      | Reached XP level 4. HP: 37/37 MP: 4/4
  1446 | D:2      | Found a bloodstained altar of Trog.
  1965 | D:3      | Found a shadowy altar of Dithmenos.
  2868 | D:4      | Noticed an orc warrior
  2869 | D:4      | Noticed a phantom
  3116 | D:4      | Reached XP level 5. HP: 42/42 MP: 5/5
  3210 | D:4      | Found a staircase to the Ecumenical Temple.
  3419 | D:5      | Entered Level 5 of the Dungeon
  3426 | D:5      | Reached skill level 6 in Polearms
  3834 | D:5      | Reached XP level 6. HP: 39/49 MP: 6/6
  4011 | D:5      | Noticed a water moccasin
  4025 | D:5      | Killed a water moccasin
  4026 | D:5      | Reached skill level 7 in Polearms
  4111 | D:5      | Reached *** piety under Trog
  4117 | D:5      | Reached skill level 5 in Fighting
  4117 | D:5      | Reached XP level 7. HP: 56/56 MP: 7/7
  4624 | D:6      | Reached skill level 8 in Polearms
  4673 | D:6      | Noticed a wraith
  4688 | D:6      | Killed a wraith
  4798 | D:6      | Reached skill level 9 in Polearms
  4798 | D:6      | Reached XP level 8. HP: 42/64 MP: 8/8
  5121 | D:6      | HP: 2/96 [poisoned by a water moccasin]
  5122 | D:6      | Succumbed to a water moccasin's poison

Illustrated notes

Levels and vault maps discovered:
D:1:      mainiacjoe_arrival_reflecting_pool, layout_basic
D:2:      minmay_alternating_diamond, layout_loops_ring, basic_altar
D:3:      layout_basic, grunt_dithmenos_smoke
D:4:      layout_layer_cave, minmay_temple_entry_drinking_statues,
          lightli_corner_chamber
D:5:      layout_basic, ebering_dispersal_statue_hall, minmay_ogre_servants
D:6:      layout_cave_pools, serial_gnoll_camp, gnoll_camp_medium_02,
          gnoll_camp_mini_hut, gnoll_camp_mini_loothouse, gnoll_camp_huts_moat,
          gnoll_camp_mini_house, serial_bayou_pond_a, minmay_divided_ellipse

Skill      XL: |  1  2  3  4  5  6  7  8 |
---------------+-------------------------+-----
Polearms       | 5 6 7 9 |  9.8
Armour         | 2 3 |  3.9
Fighting       | 4 5 6 |  6.0
Dodging        | |  2.6

Action                     |  1- 3 |  4- 6 |  7- 9 || total
---------------------------+-------+-------+-------++-------
  Melee: Spear             |    85 |       |       ||    85
         Trident           |     4 |   178 |   111 ||   293
         Punch             |       |       |     1 ||     1
  Throw: Stone             |       |     2 |       ||     2
         Boomerang         |       |     1 |       ||     1
 Invoke: Berserk           |     1 |     2 |     3 ||     6
         Trog's Hand       |       |       |     1 ||     1
    Use: Potion            |       |       |     5 ||     5
         Scroll            |       |       |     1 ||     1
 Armour: Animal skin       |     5 |       |       ||     5
         Chain mail        |    12 |    17 |       ||    29
         Plate armour      |       |    38 |    48 ||    86
         Skin              |       |       |     2 ||     2
  Dodge: Dodged            |    32 |    48 |    23 ||   103
  Block: Other             |       |    17 |    16 ||    33
         Reflection        |       |       |     4 ||     4

Table legend: (Time is in decaauts)
 A = Elapsed time spent in this place.
 B = Non-inter-level travel time spent in this place.
 C = Inter-level travel time spent in this place.
 D = Time resting spent in this place.
 E = Time spent auto-exploring this place.
 F = Levels seen in this place.
 G = Mean time per level.
                   A        B        C        D        E       F      G
               +--------+--------+--------+--------+--------+-----+--------+
         Total |   5134 |   4903 |    231 |    239 |   3897 |   6 |  855.7 |
       Dungeon |   5134 |   4903 |    231 |    239 |   3897 |   6 |  855.7 |
               +--------+--------+--------+--------+--------+-----+--------+

Top non-repeatable levels by time:
     D:5: 1187 daAuts
     D:3: 1002 daAuts
     D:2: 810 daAuts
     D:1: 802 daAuts
     D:4: 800 daAuts
     D:6: 530 daAuts
